 Dungeon Crawl Stone Soup version 0.24-a0-537-g2d01d4ab0a (webtiles) character file.

Game seed: 9128406396529861863

702 Gynju the Covert (level 7, -3/32 HPs)
             Began as a Spriggan Enchanter on Aug 13, 2019.
             Was an Initiate of Kikubaaqudgha.
             Slain by Edmund
             ... wielding a +1 flail of crushing
              (6 damage)
             ... on level 4 of the Dungeon.
             The game lasted 00:16:36 (7211 turns).

Gynju the Covert (Spriggan Enchanter)               Turns: 7211, Time: 00:16:36

Health: -3/32      AC:  3    Str:  4    XL:     7   Next: 39%
Magic:  17/17      EV: 15    Int: 19    God:    Kikubaaqudgha [......]
Gold:   220        SH:  0    Dex: 16    Spells: 12/18 levels left

rFire    . . .     SeeInvis +   a - +2 dagger (venom)
rCold    . . .     Gourm    .   (shield restricted)
rNeg     . . .     Faith    .   b - +1 robe
rPois    +         Spirit   .   (helmet restricted)
rElec    .         Reflect  .   (no cloak)
rCorr    .         Harm     .   (gloves unavailable)
MR       +....                  (boots unavailable)
Stlth    +++.......             (no amulet)
HPRegen  0.10/turn              k - ring of poison resistance
MPRegen  0.15/turn              (no ring)

@: very heavily drained, very quick
A: very small, unfitting armour, see invisible, herbivore, speed 3, slow
metabolism 2
a: Renounce Religion


You were on level 4 of the Dungeon.
You worshipped Kikubaaqudgha.
Kikubaaqudgha was noncommittal.
You were very hungry.

You visited 2 branches of the dungeon, and saw 8 of its levels.

You collected 220 gold pieces.

Inventory:

Hand Weapons
 a - a +2 dagger of venom (weapon)
Armour
 b - a +1 robe (worn)
Jewellery
 k - a ring of poison resistance (left hand)
Scrolls
 c - a scroll of enchant weapon
 e - 2 scrolls of teleportation
 f - 2 scrolls of identify
 h - a scroll of remove curse
 l - a scroll of enchant armour
 m - a scroll of fog
Potions
 g - 2 potions of curing
 i - a potion of degeneration
 n - a potion of might
 o - a potion of brilliance
 r - a potion of lignification
 s - 3 potions of heal wounds
Comestibles
 d - 6 rations


   Skills:
 - Level 1.1(0.0) Short Blades
 - Level 3.0(0.0) Dodging
 + Level 8.6(4.8) Stealth
 + Level 6.2(2.5) Spellcasting
 + Level 6.7(3.0) Hexes


You had 12 spell levels left.
You knew the following spells:

 Your Spells              Type           Power        Failure   Level  Hunger
a - Corona                Hex            ##.....      4%          1    #......
b - Ensorcelled Hibernat  Hex/Ice        #.....       13%         2    ##.....
c - Confuse               Hex            ##......     14%         3    ###....

Your spell library contained the following spells:

 Spells                   Type           Power        Failure   Level  Hunger
 Tukima's Dance           Hex            ##......     14%         3    ###....
 Dazzling Spray           Conj/Hex       #.....       26%         3    ###....


Dungeon Overview and Level Annotations

Branches:
Dungeon (7/15)             Temple (1/1) D:4

Altars:
Ashenzari
Gozag
Hepliaklqana
Kikubaaqudgha
Makhleb
Qazlal
Ru
Trog
Vehumet
Wu Jian
Xom
Yredelemnul
Zin
The Shining One

Shops:
D:5 ?

Annotations:
D:4 Edmund
D:5 Dowan, Duvessa


Innate Abilities, Weirdness & Mutations

You are very small and have problems with some larger weapons.
You are too small for most types of armour.
You have supernaturally acute eyesight. (SInv)
You are a herbivore.
You cover ground extremely quickly.
You need to consume almost no food.


Message History

Edmund is wielding a +1 flail of crushing.
Found three items.
There is a stone staircase leading up here.
There is a stone staircase leading up here.
Edmund misses you. The ice beast hits you. The ice beast freezes you.
You climb upwards.
There is a stone staircase leading down here.
You hit Edmund.
Edmund is lightly wounded.
The ice beast barely misses you.
Edmund hits you with a +1 flail of crushing!
You hit Edmund.
Edmund is lightly wounded.
The ice beast hits you. The ice beast freezes you!
* * * LOW HITPOINT WARNING * * *
You hit Edmund.
Edmund is poisoned.
Edmund is lightly wounded.
Edmund hits you with a +1 flail of crushing.
You die...
Kikubaaqudgha rasps: "You have failed me!
Welcome... death!"

##### ######
....######....####
...............@@#
###.######.#...#Y#
###.##.^...#.###.#
....##.###.......#
.......# #.#.######
....######.#......#
....)......######.#
...[########....#.##
###.# ###.#.....#


You could see Edmund and an ice beast.

Vanquished Creatures
  A phantom (D:4)
  2 scorpions
  2 howler monkeys (D:4)
  A bullfrog skeleton (D:5)
  4 hounds
  2 orc wizards (D:4)
  3 gnolls (D:5)
  A howler monkey skeleton (D:2)
  8 adders
  3 oozes
  A worm (D:3)
  A leopard gecko (D:3)
  10 orcs
  4 ball pythons
  15 bats
  5 giant cockroaches
  9 goblins
  11 hobgoblins
  8 jackals
  3 quokkas
  A frilled lizard (D:1)
  10 kobolds
  6 rats
111 creatures vanquished.

Notes
Turn   | Place    | Note
-------+----------+-------------------------------------------
     0 | D:1      | Gynju the Spriggan Enchanter began the quest for the Orb.
     0 | D:1      | Reached XP level 1. HP: 9/9 MP: 5/5
   327 | D:1      | Reached XP level 2. HP: 7/13 MP: 7/7
   469 | D:1      | Learned a level 2 spell: Ensorcelled Hibernation
   646 | D:1      | Reached skill level 5 in Stealth
  1156 | D:1      | Reached XP level 3. HP: 16/16 MP: 8/8
  1664 | D:2      | Learned a level 3 spell: Confuse
  2324 | D:2      | Reached XP level 4. HP: 6/21 MP: 3/10
  2749 | D:2      | Found a faded altar of an unknown god.
  3380 | D:3      | Reached skill level 6 in Stealth
  4019 | D:3      | Reached XP level 5. HP: 24/24 MP: 12/12
  4100 | D:3      | Reached skill level 5 in Hexes
  5301 | D:4      | Reached skill level 7 in Stealth
  5301 | D:4      | Reached XP level 6. HP: 28/28 MP: 8/14
  5350 | D:4      | Found a bloodstained altar of Trog.
  5455 | D:4      | Reached skill level 5 in Spellcasting
  5550 | D:4      | You fall into a shaft and drop 3 floors!
  5721 | D:5      | Entered Level 5 of the Dungeon
  5745 | D:5      | Noticed Duvessa
  5746 | D:5      | Noticed Dowan
  5797 | D:4      | Found a staircase to the Ecumenical Temple.
  5810 | Temple   | Entered the Ecumenical Temple
  5820 | Temple   | Became a worshipper of Kikubaaqudgha
  5878 | D:4      | Reached skill level 8 in Stealth
  5916 | D:4      | Reached XP level 7. HP: 32/32 MP: 14/16
  6436 | D:5      | Found Bepoos's Magic Scroll Shop.
  7201 | D:5      | Noticed Edmund
  7211 | D:4      | Slain by Edmund

Levels and vault maps discovered:
D:1:      minmay_arrival_plants_in_alcoves, layout_loops_corners,
          chequers_serial_rivers_large_b
D:2:      minmay_skewed_foursquare, layout_basic, first_ration,
          chequers_ecumenical_altar_simple, minmay_tromino_i2
D:3:      minmay_chambers_of_threes, layout_basic, minmay_pentangle
D:4:      layout_basic, minmay_temple_entry_statues, trog_three_pillars_becter
D:5:      layout_rooms, tgw_trog, serial_shops, shop, uniq_edmund, uniq_duvessa,
          uniq_crazy_yiuf_cottage
D:6:      layout_loops_ring, kennysheep_little_box, serial_shops, shop
D:7:      layout_basic, grunt_temple_overflow_cloverleaf, grunt_livestock,
          uniq_harold
Temple:   nicolae_temple_x_marks_the_god

Skill      XL: |  1  2  3  4  5  6  7 |
---------------+----------------------+-----
Spellcasting   | 3 4 5 6 |  6.2
Hexes          | 4 5 6 |  6.7
Stealth        | 5 6 7 8 |  8.6
Short Blades   | |  1.1
Dodging        | |  3.0

Action                   |  1- 3 |  4- 6 |  7- 9 || total
-------------------------+-------+-------+-------++-------
Melee: Dagger            |   111 |   203 |    47 ||   361
 Cast: Corona            |     2 |       |       ||     2
       Ensorcelled Hiber |     7 |    31 |     5 ||    43
       Confuse           |     4 |     2 |    10 ||    16
  Use: Potion            |       |     1 |       ||     1
       Scroll            |       |    13 |     1 ||    14
 Stab: Sleeping          |    19 |    21 |     5 ||    45
       Confused          |     2 |     3 |       ||     5
  Eat: Ration            |       |     2 |     1 ||     3
Armor: Robe              |    12 |    21 |     2 ||    35
Dodge: Dodged            |   105 |   203 |    30 ||   338

Table legend:
 A = Non-vault XP
 B = Vault XP
 C = Vault XP percentage of total XP
 D = Non-vault monster count
 E = Vault monster count
 F = Vault count percentage of total count
                 A         B        C        D         E       F
            +---------+---------+-------+---------+---------+-------
      Total |     916 |      88 |   8.8 |      87 |      24 |  21.6
            +---------+---------+-------+---------+---------+-------
        D:1 |      44 |       0 |   0.0 |      22 |       0 |   0.0
        D:2 |      61 |      33 |  35.1 |      15 |       6 |  28.6
        D:3 |      77 |      55 |  41.7 |      28 |      18 |  39.1
        D:4 |     536 |       0 |   0.0 |      15 |       0 |   0.0
        D:5 |     155 |       0 |   0.0 |       6 |       0 |   0.0
        D:6 |      43 |       0 |   0.0 |       1 |       0 |   0.0
            +---------+---------+-------+---------+---------+-------
